 Dungeon Crawl Stone Soup version 0.21-a0-286-g6fcecc0 (webtiles) character file.

74473 tilp the Thaumaturge (level 15, -1/132 HPs)
             Began as a Hill Orc Fire Elementalist on Sept 25, 2017.
             Was a High Priest of Okawaru.
             Slain by an anaconda (15 damage)
             ... on level 2 of the Snake Pit on Sept 26, 2017.
             The game lasted 02:27:27 (34544 turns).

tilp the Thaumaturge (Hill Orc Fire Elementalist)  Turns: 34544, Time: 02:27:29

Health: -1/132     AC: 30    Str:  9    XL:     15   Next: 46%
Magic:  20/31      EV: 14    Int: 30    God:    Okawaru [*****.]
Gold:   311        SH:  8    Dex: 18    Spells: 14/38 levels left

rFire    + . .     SeeInvis .   P - +5 rapier of the Asp {holy, Int+8 Dex+4 Stlth-}
rCold    . . .     Gourm    .   M - +2 buckler
rNeg     + . .     Faith    +   V - +5 ring mail of Qupseugy {rPois rN+ Int+2}
rPois    +         Spirit   .   e - +2 helmet of the Lute {MR+}
rElec    .         Reflect  .   Z - +2 cloak
rCorr    .         Harm     .   Q - +2 pair of gloves {Dex+3}
MR       +++..                  t - +2 pair of boots {Stlth+}
Stlth    +++.......             l - amulet of faith
HPRegen  0.32/turn              m - ring of protection from fire
MPRegen  0.22/turn              (no ring)

@: heroism, constricted
A: iridescent scales 3, blurry vision 2, deformed body, magic resistance 1,
sense surroundings 1, poison resistance, weak 2
a: Heroism, Finesse, Renounce Religion


You were on level 2 of the Snake Pit.
You worshipped Okawaru.
Okawaru was extremely pleased with you.
You were not hungry.

You visited 5 branches of the dungeon, and saw 23 of its levels.
You also visited: Sewer and Volcano.

You collected 2159 gold pieces.
You spent 1848 gold pieces at shops.

Inventory:

Hand Weapons
 P - the +5 rapier of the Asp (weapon) {holy, Int+8 Dex+4 Stlth-}
   (You bought it in a shop on level 2 of the Orcish Mines)

   It has been blessed by the Shining One to cause great damage to the undead
   and demons.
   It affects your intelligence (+8).
   It affects your dexterity (+4).
   It makes you less stealthy.
Armour
 a - the +1 robe "Doasm" {MR+ MP+9 Int+4}
   (You bought it in a shop on level 12 of the Dungeon)

   It affects your intelligence (+4).
   It affects your resistance to hostile enchantments.
   It affects your magic capacity (+9).
 e - the +2 helmet of the Lute (worn) {MR+}
   (You bought it in a shop on level 12 of the Dungeon)

   It affects your resistance to hostile enchantments.
 t - a +2 pair of boots of stealth (worn)
 M - a +2 buckler (worn)
 Q - a +2 pair of gloves of dexterity (worn)
 V - the +5 ring mail of Qupseugy (worn) {rPois rN+ Int+2}
   (Okawaru gifted it to you on level 5 of the Lair of Beasts)

   It affects your intelligence (+2).
   It protects you from poison.
   It protects you from negative energy.
 Z - a +2 cloak (worn)
Jewellery
 l - an amulet of faith (around neck)
 m - a ring of protection from fire (left hand)
 y - an uncursed ring of ice
Wands
 b - a wand of paralysis (8/24)
 g - a wand of scattershot (4/9)
 r - a wand of acid (8/15)
 s - a wand of polymorph (0/24)
 v - a wand of iceblast (9/15)
 G - a wand of enslavement (9/24)
 R - a wand of disintegration (15/24)
Scrolls
 h - 5 scrolls of recharging
 j - 11 scrolls of remove curse
 k - 4 scrolls of amnesia
 p - 11 scrolls of teleportation
 u - 6 scrolls of fog
 w - 2 scrolls of random uselessness {unknown}
 x - a scroll of brand weapon {unknown}
 K - a scroll of immolation {unknown}
 N - a scroll of silence {unknown}
 U - 8 scrolls of fear
 W - 2 scrolls of blinking
 X - 3 scrolls of magic mapping
Potions
 d - 3 potions of haste
 f - a potion of degeneration {unknown}
 i - 5 potions of invisibility
 n - 3 potions of might
 o - 6 potions of curing
 q - 4 potions of heal wounds
 C - 2 potions of cancellation
 D - 2 potions of flight
 E - 3 potions of brilliance
 F - 7 potions of agility
 H - a potion of resistance {unknown}
 I - a potion of ambrosia {unknown}
 L - 2 potions of berserk rage
 T - 3 potions of magic
Miscellaneous
 A - a lightning rod (4/4)
 B - a sack of spiders
Comestibles
 c - 6 bread rations


   Skills:
 - Level 12.0(17.0) Fighting
 - Level 6.0(11.0) Short Blades
 - Level 7.3(12.3) Armour
 - Level 5.0(10.0) Dodging
 - Level 1.5(6.5) Stealth
 + Level 12.4 Spellcasting
 + Level 9.4 Conjurations
 + Level 4.3 Necromancy
 + Level 10.7 Fire Magic
 - Level 8.0 Invocations
 - Level 6.1 Evocations


You had 14 spell levels left.
You knew the following spells:

 Your Spells              Type           Power        Failure   Level  Hunger
a - Flame Tongue          Conj/Fire      #####        1%          1    None
b - Throw Flame           Conj/Fire      ######       1%          2    None
c - Conjure Flame         Conj/Fire      ######..     1%          3    None
d - Sticky Flame          Conj/Fire      ######..     1%          4    None
e - Fireball              Conj/Fire      ######....   2%          5    ##.....
f - Summon Small Mammal   Summ           ###.         6%          1    None
g - Regeneration          Chrm/Necr      ####......   7%          3    None
h - Spectral Weapon       Hex/Chrm       ###.....     17%         3    None
i - Animate Skeleton      Necr           N/A          1%          1    None
j - Apportation           Tloc           ###...       6%          1    None


Dungeon Overview and Level Annotations

Branches:
Dungeon (13/15)            Temple (1/1) D:6            Lair (5/6) D:9
 Shoals (0/4) Lair:2        Snake (2/4) Lair:4        Slime (0/5) Lair:5
    Orc (2/2) D:11            Elf (0/3) Orc:2
 Vaults: D:13-14

Altars:
Ashenzari
Cheibriados
Dithmenos
Elyvilon
Fedhas
Gozag
Hepliaklqana
Kikubaaqudgha
Makhleb
Nemelex Xobeh
Okawaru
Qazlal
Ru
Sif Muna
Trog
Uskayaw
Vehumet
Wu Jian
Xom
Yredelemnul
Zin
The Shining One

Shops:
D:11 ?   D:12 !=[[   Orc:2 (*([=

Portals:
Trove: D:10 (give horn of Geryon)

Annotations:
D:2 1 runed door, Sigmund
D:7 Pikel
D:11 1 exclusion


Innate Abilities, Weirdness & Mutations

You are completely covered in iridescent scales. (AC +6)
Scrolls take you longer to read.
Armour fits poorly on your strangely shaped body.
You are resistant to hostile enchantments. (MR+)
You passively map a small area around you.
Your system is resistant to poisons. (rPois)
You are very weak. (Str -4)


Message History

You block the anaconda's attack.
* * * LOW HITPOINT WARNING * * *
The anaconda constricts you. The anaconda completely misses you.
The anaconda bites you but does no damage.
The anaconda constricts you.
Really read with blurry vision while enemies are nearby? [Y]es or [N]o only, please.
Really read with blurry vision while enemies are nearby? [Y]es or [N]o only, please.
Really read with blurry vision while enemies are nearby?
The anaconda burns!
The anaconda bites you but does no damage.
The anaconda barely misses you.
* * * LOW HITPOINT WARNING * * *
The anaconda constricts you. You block the anaconda's attack.
The naga mage casts a spell.
The naga mage seems to speed up.
You begin reading the scroll.
You continue reading the scroll.
The anaconda burns!
The anaconda bites you!
You die...

#...##.# #.....S.....)..###....#
.....#†###.....#.....##...N.####
....................###...>#####
............#######.#...##.....#
##.....#)....####
#...######..... #.....#..<#....#
#..#####.....#.
##....#...####)####N##..........
########## #.S.............###
#.@S#####...##### #...# #####
#...# #####


You could see 2 anacondas and a naga mage.

Vanquished Creatures
  Gastronok (D:9)
  A nagaraja (Snake:2)
  An orc warlord (Orc:2)
  Azrael (Orc:2)
  3 hydras
  3 naga warriors (Snake:1)
  3 anacondas
  6 death yaks (Lair:5)
  A two-headed ogre (D:8)
  2 shock serpents (Snake:2)
  A naga sharpshooter (Snake:1)
  3 orc high priests (Orc:2)
  A salamander mystic (Volcano)
  An unseen horror (D:10)
  2 naga ritualists
  4 orc knights (Orc:2)
  6 mana vipers
  An orc sorcerer (Orc:2)
  4 salamanders (Volcano)
  3 ugly things
  A cyclops (Orc:2)
  A manticore (Lair:2)
  Maurice (D:8)
  17 black mambas
  4 naga magi
  8 spiny frogs
  A centaur skeleton (D:13)
  A gargoyle (D:10)
  2 komodo dragons
  A rime drake (Lair:1)
  6 trolls
  A polar bear (Lair:5)
  23 blink frogs
  7 dream sheep (Lair:5)
  6 hippogriffs
  A wraith (D:11)
  59 yaks
  4 hogs (D:7)
  3 wyverns (Lair:4)
  A vampire (D:10)
  A basilisk (Lair:4)
  A human (D:7)
  2 fire elementals (Orc:2)
  2 hungry ghosts
  A warg (Orc:2)
  7 nagas
  10 water moccasins
  4 hell hounds
  The ghost of anet the Magician, an amateur DEWz (D:3)
  8 porcupines
  28 orc warriors
  8 ice beasts
  10 ogres
  3 eyes of draining (D:9)
  2 phantoms (D:7)
  7 sky beasts
  4 centaurs
  11 wolves
  3 necrophages
  11 crocodiles
  A big kobold (D:13)
  A wyvern zombie (D:9)
  22 bullfrogs
  A wyvern skeleton (D:12)
  5 scorpions
  15 killer bees
  3 wights (D:8)
  11 howler monkeys
  12 crimson imps
  A bullfrog zombie (D:9)
  2 jellies
  11 orc priests
  3 bullfrog skeletons
  5 hounds
  Jessica (D:2)
  9 iguanas
  14 orc wizards
  7 worker ants
  A killer bee zombie (D:6)
  2 hound skeletons
  A worker ant zombie (D:5)
  A howler monkey skeleton (D:4)
  3 gnolls (D:6)
  13 adders
  2 river rats
  4 shadow imps
  3 white imps (D:10)
  11 oozes (Sewer)
  An adder skeleton (D:5)
  An adder zombie (D:9)
  A worm (D:5)
  A dart slug (D:1)
  17 leopard geckos
  71 orcs
  6 bats
  10 giant cockroaches
  10 goblins
  4 hobgoblins
  19 jackals
  2 quokkas
  16 ball pythons
  21 frilled lizards
  A giant cockroach zombie (D:5)
  A jackal zombie (D:7)
  8 kobolds
  A leopard gecko zombie (D:6)
  9 rats
685 creatures vanquished.

Vanquished Creatures (others)
  A blink frog (Lair:4)
  16 bushes (Lair:4)
  18 fungi
  8 plants
  3 spectral weapons
46 creatures vanquished.

Grand Total: 731 creatures vanquished

Notes
Turn   | Place    | Note
-------+----------+-------------------------------------------
     0 | D:1      | tilp the Hill Orc Fire Elementalist began the quest for the Orb.
     0 | D:1      | Reached XP level 1. HP: 14/14 MP: 3/3
   239 | D:1      | Reached XP level 2. HP: 19/20 MP: 1/4
   570 | D:1      | Learned a level 2 spell: Throw Flame
   946 | D:1      | Reached XP level 3. HP: 16/26 MP: 0/5
  1736 | D:2      | Found a snail-covered altar of Cheibriados.
  1800 | D:2      | Noticed Sigmund
  2039 | D:2      | Found a white marble altar of Elyvilon.
  2171 | D:2      | Found a runed door.
  2198 | D:2      | Noticed Jessica
  2203 | D:2      | Killed Jessica
  2203 | D:2      | Reached XP level 4. HP: 33/33 MP: 4/7
  2316 | D:2      | Learned a level 3 spell: Conjure Flame
  2687 | D:3      | Reached XP level 5. HP: 31/38 MP: 3/8
  3130 | D:3      | Noticed anet's ghost (amateur DEWz)
  3150 | D:3      | Killed anet's ghost
  3150 | D:3      | Reached skill level 5 in Fire Magic
  3150 | D:3      | Reached XP level 6. HP: 29/45 MP: 0/10
  4371 | D:3      | Found a shimmering altar of Xom.
  4406 | D:3      | Reached XP level 7. HP: 40/50 MP: 11/11
  4517 | D:3      | Found a shadowy altar of Dithmenos.
  4527 | D:3      | Found a glowing golden altar of the Shining One.
  4912 | D:3      | Found a faded altar of an unknown god.
  4973 | D:4      | Learned a level 4 spell: Sticky Flame
  6207 | D:5      | Entered Level 5 of the Dungeon
  6546 | D:5      | Reached skill level 5 in Conjurations
  6546 | D:5      | Reached XP level 8. HP: 54/57 MP: 13/13
  8147 | D:5      | Learned a level 5 spell: Fireball
  8278 | D:6      | Identified a scroll of acquirement
  8407 | D:6      | Found an ornate altar of the Wu Jian Council.
  8434 | D:6      | Found a staircase to the Ecumenical Temple.
  8761 | D:6      | Found a glowing drain.
  8765 | Sewer    | Entered a sewer
  9081 | Sewer    | Reached XP level 9. HP: 59/62 MP: 11/16
  9185 | Sewer    | Reached skill level 5 in Spellcasting
  9531 | Temple   | Entered the Ecumenical Temple
  9548 | Temple   | Became a worshipper of Warmaster Okawaru
 10474 | D:7      | Found a shattered altar of Ashenzari.
 10540 | D:7      | Reached * piety under Okawaru
 10716 | D:7      | Found an opulent altar of Gozag.
 11200 | D:7      | Noticed Pikel
 11268 | D:7      | Found a blossoming altar of Fedhas.
 11566 | D:8      | Reached skill level 1 in Fighting
 11568 | D:8      | Got a polished buckler
 11579 | D:8      | Identified the +0 buckler of Ufyonud {+Blink} (You acquired it on level 8 of the Dungeon)
 11718 | D:8      | Reached ** piety under Okawaru
 11718 | D:8      | Reached XP level 10. HP: 39/73 MP: 10/19
 12170 | D:7      | Gained mutation: Armour fits poorly on your strangely shaped body. [mutagenic meat]
 12171 | D:7      | Gained mutation: You are agile. (Dex +2) [mutagenic meat]
 12172 | D:7      | Gained mutation: You are very agile. (Dex +4) [mutagenic meat]
 12173 | D:7      | Gained mutation: You have sharp toenails. [mutagenic meat]
 12175 | D:7      | Gained mutation: You have razor-sharp toenails. [mutagenic meat]
 12176 | D:7      | Lost mutation: You have razor-sharp toenails. [mutagenic meat]
 12177 | D:7      | Gained mutation: Your spells are a little harder to cast, but a little more powerful. [mutagenic meat]
 12179 | D:7      | Gained mutation: You evolve. [mutagenic meat]
 12180 | D:7      | Gained mutation: You are weak. (Str -2) [mutagenic meat]
 12181 | D:7      | Gained mutation: Scrolls take you a little longer to read. [mutagenic meat]
 12457 | D:7      | Reached *** piety under Okawaru
 12679 | D:8      | Reached skill level 5 in Fighting
 13146 | D:8      | Gained mutation: You possess an exceptional clarity of mind. [mutagenic meat]
 13147 | D:8      | Gained mutation: You expend magic power (3 MP) to strengthen your wands. [mutagenic meat]
 13148 | D:8      | Gained mutation: You are very weak. (Str -4) [mutagenic meat]
 13151 | D:8      | Lost mutation: You are very agile. (Dex +4) [mutagenic meat]
 13162 | D:8      | Noticed a two-headed ogre
 13177 | D:8      | Killed a two-headed ogre
 13177 | D:8      | Reached **** piety under Okawaru
 13314 | D:8      | Got a shimmering short sword
 13335 | D:8      | Identified the +6 short sword "Dirch" {vamp, -Tele Str+6 Int+4} (You found it on level 8 of the Dungeon)
 13546 | D:8      | Noticed Maurice
 13572 | D:8      | Killed Maurice
 13942 | D:9      | Found a bloodstained altar of Trog.
 14022 | D:9      | Reached ***** piety under Okawaru
 14099 | D:9      | Gained mutation: You are resistant to hostile enchantments. (MR+) [evolution]
 14099 | D:9      | Lost mutation: You evolve. [end of evolution]
 14172 | D:9      | Reached XP level 11. HP: 90/93 MP: 13/22
 14862 | D:9      | Noticed Gastronok
 14942 | D:9      | Got a crude robe
 14953 | D:9      | Identified the +2 robe "Motry" {rPois} (You found it on level 9 of the Dungeon)
 15922 | D:9      | Killed Gastronok
 15922 | D:9      | Received a gift from Okawaru
 15922 | D:9      | Reached skill level 10 in Fighting
 16153 | D:9      | Found a staircase to the Lair.
 16369 | Lair:1   | Entered Level 1 of the Lair of Beasts
 16418 | D:10     | Entered Level 10 of the Dungeon
 16700 | D:10     | Learned a level 1 spell: Summon Small Mammal
 16978 | D:10     | Found a portal to a secret trove of treasure.
 17244 | D:10     | Noticed an unseen horror
 17253 | D:10     | Killed an unseen horror
 17694 | D:11     | Noticed a brown ugly thing
 17701 | D:11     | Killed a brown ugly thing
 17701 | D:11     | Reached skill level 1 in Short Blades
 17701 | D:11     | Reached skill level 1 in Invocations
 17701 | D:11     | Reached XP level 12. HP: 66/109 MP: 18/25
 17799 | D:11     | Found Boaclyni's Magic Scroll Shoppe.
 17812 | D:11     | Bought 2 scrolls of teleportation for 78 gold pieces
 18046 | D:11     | Reached ****** piety under Okawaru
 18376 | D:11     | Received a gift from Okawaru
 18799 | D:11     | Found a staircase to the Orcish Mines.
 18806 | D:11     | Learned a level 3 spell: Regeneration
 18810 | D:11     | Learned a level 3 spell: Spectral Weapon
 19035 | D:11     | Reached skill level 5 in Invocations
 19161 | D:11     | Gained mutation: Scrolls take you longer to read. [mutagenic meat]
 19162 | D:11     | Gained mutation: You are partially covered in iridescent scales. (AC +2) [mutagenic meat]
 19338 | D:11     | Lost mutation: Armour fits poorly on your strangely shaped body. [mutagenic meat]
 19339 | D:11     | Lost mutation: You are agile. (Dex +2) [mutagenic meat]
 19340 | D:11     | Lost mutation: You have sharp toenails. [mutagenic meat]
 19432 | D:11     | Bought a scroll of teleportation for 39 gold pieces
 19432 | D:11     | Bought a scroll of identify for 26 gold pieces
 19432 | D:11     | Bought a scroll of identify for 26 gold pieces
 19432 | D:11     | Bought a scroll of fog for 26 gold pieces
 19432 | D:11     | Bought a scroll of enchant armour for 97 gold pieces
 19432 | D:11     | Bought a scroll of enchant armour for 97 gold pieces
 19432 | D:11     | Bought a scroll of fog for 26 gold pieces
 19432 | D:11     | Bought a scroll of remove curse for 39 gold pieces
 19432 | D:11     | Bought a scroll of teleportation for 39 gold pieces
 19432 | D:11     | Bought a scroll of teleportation for 39 gold pieces
 19797 | D:12     | Noticed an eight-headed hydra
 19803 | D:12     | Killed an eight-headed hydra
 19803 | D:12     | Reached skill level 10 in Spellcasting
 20181 | D:12     | Lost mutation: Your spells are a little harder to cast, but a little more powerful. [mutagenic meat]
 20182 | D:12     | Gained mutation: You are mostly covered in iridescent scales. (AC +4) [mutagenic meat]
 20184 | D:12     | Gained mutation: You evolve. [mutagenic meat]
 20690 | D:12     | Found Otipn's Distillery.
 20692 | D:12     | Found Intemm's Antique Armour Emporium.
 20694 | D:12     | Found Visuzot's Antique Armour Emporium.
 20697 | D:12     | Found Gucheal's Jewellery Emporium.
 20711 | D:12     | Bought a distressingly furry helmet for 342 gold pieces
 20725 | D:12     | Identified the +2 helmet of the Lute {MR+} (You bought it in a shop on level 12 of the Dungeon)
 20852 | D:13     | Noticed a centaur warrior
 20907 | D:13     | Gained mutation: You passively map a small area around you. [evolution]
 21304 | Orc:1    | Entered Level 1 of the Orcish Mines
 21422 | D:12     | Bought an ancient robe for 205 gold pieces
 21434 | D:12     | Identified the +1 robe "Doasm" {MR+ MP+9 Int+4} (You bought it in a shop on level 12 of the Dungeon)
 21599 | Lair:1   | Reached skill level 5 in Short Blades
 22323 | Lair:1   | Reached XP level 13. HP: 115/115 MP: 27/27
 22413 | Lair:1   | Lost mutation: You evolve. [potion of mutation]
 22413 | Lair:1   | Lost mutation: You possess an exceptional clarity of mind. [potion of mutation]
 22413 | Lair:1   | Lost mutation: You expend magic power (3 MP) to strengthen your wands. [potion of mutation]
 22413 | Lair:1   | Gained mutation: Your system is resistant to poisons. (rPois) [potion of mutation]
 22413 | Lair:1   | Gained mutation: Armour fits poorly on your strangely shaped body. [potion of mutation]
 22413 | Lair:1   | Gained mutation: You are completely covered in iridescent scales. (AC +6) [potion of mutation]
 22775 | Lair:2   | Reached skill level 1 in Armour
 23459 | Lair:2   | Found a staircase to the Shoals.
 23494 | Lair:2   | Received a gift from Okawaru
 23507 | Lair:2   | Learned a level 1 spell: Animate Skeleton
 23509 | Lair:2   | Learned a level 1 spell: Apportation
 24654 | Lair:3   | Received a gift from Okawaru
 25158 | Lair:4   | Reached skill level 5 in Armour
 25177 | Lair:4   | Found a staircase to the Snake Pit.
 25990 | Lair:4   | Reached skill level 5 in Dodging
 26057 | Lair:4   | Received a gift from Okawaru
 26109 | Lair:4   | Reached skill level 1 in Evocations
 26444 | Lair:4   | Reached XP level 14. HP: 123/123 MP: 21/29
 26716 | Lair:5   | Found a staircase to the Slime Pits.
 26788 | Lair:5   | Found a dark tunnel.
 26793 | Volcano  | Entered a volcano
 27094 | Volcano  | Received a gift from Okawaru
 27288 | Lair:5   | Found a deep blue altar of Sif Muna.
 27753 | Lair:5   | Received a gift from Okawaru
 27760 | Lair:5   | Got an ancient ring mail {god gift}
 28333 | Lair:1   | Identified the +5 ring mail of Qupseugy {rPois rN+ Int+2} (Okawaru gifted it to you on level 5 of the Lair of Beasts)
 28484 | D:12     | Bought a potion of flight for 36 gold pieces
 28786 | Orc:2    | Entered Level 2 of the Orcish Mines
 28786 | Orc:2    | Found a staircase to the Elven Halls.
 29012 | Orc:2    | Found Yghuaxer's General Store.
 29018 | Orc:2    | Reached skill level 5 in Evocations
 29064 | Orc:2    | Found Joocolur's Antique Weapon Emporium.
 29071 | Orc:2    | Noticed Azrael
 29389 | Orc:2    | Killed Azrael
 29742 | Orc:2    | Found Pourchuw's Antique Armour Boutique.
 30172 | Orc:2    | Noticed an orc warlord
 30192 | Orc:2    | Killed an orc warlord
 30192 | Orc:2    | Reached skill level 1 in Necromancy
 30570 | Orc:2    | Found Siceqofep's Antique Weapon Shop.
 30842 | Orc:2    | Found Nega's Jewellery Shop.
 31451 | Orc:2    | Bought a translucent chain mail for 313 gold pieces
 31467 | Orc:2    | Bought a bloodstained flail for 204 gold pieces
 31467 | Orc:2    | Bought an encrusted rapier for 216 gold pieces
 31621 | Lair:1   | Identified the +1 flail of Itotoo {protect, rF+ rC+} (You bought it in a shop on level 2 of the Orcish Mines)
 31622 | Lair:1   | Identified the +5 rapier of the Asp {holy, Int+8 Dex+4 Stlth-} (You bought it in a shop on level 2 of the Orcish Mines)
 31633 | Lair:1   | Identified the +7 chain mail of Coronation {Slay+2} (You bought it in a shop on level 2 of the Orcish Mines)
 31723 | Snake:1  | Entered Level 1 of the Snake Pit
 31794 | Snake:1  | Found a sacrificial altar of Ru.
 31816 | Snake:1  | Received a gift from Okawaru
 31830 | Snake:1  | Reached XP level 15. HP: 94/132 MP: 14/31
 31854 | Snake:1  | Reached skill level 10 in Fire Magic
 33502 | Snake:2  | Noticed a nagaraja
 33746 | Snake:2  | HP: 6/132 [shock serpent/bolt of electricity (10)]
 33748 | Snake:2  | Received a gift from Okawaru
 33749 | Snake:2  | Got a fine plate armour {god gift}
 33798 | Snake:2  | Identified the +1 plate armour "Xonussipn" {rN+ Int+6} (Okawaru gifted it to you on level 2 of the Snake Pit)
 34484 | Snake:2  | Killed a nagaraja
 34544 | Snake:2  | Slain by an anaconda

Vault maps used:
D:1:      elethiomel_arrival_maze, serial_bayou, serial_bayou_ford_a,
          serial_bayou_crossing, serial_bayou_pond_b, serial_bayou_lake_a
D:2:      cheibriados_altar_1, elyvilon_altar_4, hangedman_decor_growths,
          uniq_jessica, uniq_sigmund, uniq_crazy_yiuf_cottage
D:3:      grunt_dithmenos_smoke_and_mirrors, led_xom_imps, lemuel_round_altar,
          chequers_ecumenical_altar_twisty, eino_tiny_chamber,
          minmay_misc_feat_tiny, hangedman_decor_clover_reticule, hex_large
D:4:      minmay_misc_feat_tower
D:5:      first_bread
D:6:      lemuel_coloured_pillars_altar, minmay_temple_entry_trees,
          gup_sewer_entry_bowl
D:7:      old_standard_altar, overflow_temple_1_default, basic_altar,
          grunt_livestock, minmay_lizard_king, uniq_pikel
D:8:      uniq_maurice
D:9:      trog_eyes_of_draining, grunt_lair_entry_orc_guard_hut, minivault_19,
          uniq_gastronok
D:10:     enter_trove_6, minmay_nine_imps
D:11:     cheibrodos_lost_city_excavation, hiddenorc1_lemuel, serial_shops, shop
D:12:     minmay_shop_grid_forest
D:13:     serial_shops, nicolae_shop_crystal, uniq_kirke
Temple:   oiseaux_autumnal_temple
Lair:2:   minmay_shoals_entry_beasts
Lair:4:   guppyfry_snake_entry_garden, minmay_hedge_maze, grunt_megastairs_2
Lair:5:   slime_dummy, nicolae_volcano_entry_s_turn, serial_forest,
          infiniplex_forest_pool, infiniplex_forest_clump_diagonal,
          infiniplex_forest_clump_cross, infiniplex_forest_corner_1,
          infiniplex_forest_lined_ring, infiniplex_forest_lined_1,
          infiniplex_forest_zigzag_1, infiniplex_forest_end_double,
          infiniplex_forest_lined_ring, basic_altar, pond
Snake:1:  basic_altar
Orc:2:    grunt_orc_gardens, grunt_orc_garden, grunt_orc_garden,
          grunt_orc_garden, grunt_orc_garden, serial_shops, nicolae_shop_stone,
          uniq_azrael
Sewer:    sewer_frog_island_02
Volcano:  volcano_pools

Skill      XL: |  1  2  3  4  5  6  7  8  9 10 11 12 13 14 15 |
---------------+----------------------------------------------+-----
Fire Magic     | 4 5 6 7 9 10 | 10.7
Spellcasting   | 2 3 4 6 7 9 10 11 12 | 12.4
Conjurations   | 2 3 4 5 6 8 9 |  9.4
Fighting       | 1 7 11 12 | 12.0
Short Blades   | 1 5 6 |  6.0
Invocations    | 1 7 8 |  8.0
Dodging        | 5 |  5.0
Armour         | 6 7 |  7.3
Evocations     | 1 6 |  6.1
Necromancy     | 2 4 |  4.3
Stealth        | |  1.5

Action                   |  1- 3 |  4- 6 |  7- 9 | 10-12 | 13-15 || total
-------------------------+-------+-------+-------+-------+-------++-------
Melee: Dagger            |    50 |       |       |       |       ||    50
       Unarmed           |     4 |       |       |       |       ||     4
       Short sword       |     3 |    77 |   224 |   700 |   809 ||  1813
       Rapier            |       |       |       |       |   214 ||   214
Throw: Tomahawk          |       |       |     9 |       |       ||     9
 Cast: Flame Tongue      |    52 |    46 |   251 |   210 |   181 ||   740
       Throw Flame       |     1 |     5 |    29 |    37 |    32 ||   104
       Conjure Flame     |       |     1 |    23 |    59 |   102 ||   185
       Sticky Flame      |       |       |     9 |    49 |    89 ||   147
       Summon Small Mamm |       |       |       |     2 |     4 ||     6
       Regeneration      |       |       |       |       |    10 ||    10
       Spectral Weapon   |       |       |       |       |     5 ||     5
       Apportation       |       |       |       |       |     1 ||     1
       Fireball          |       |       |       |       |     6 ||     6
Invok: Heroism           |       |       |       |     5 |    23 ||    28
       Finesse           |       |       |       |     1 |     8 ||     9
Evoke: Wand              |       |       |       |     3 |     1 ||     4
  Use: Scroll            |       |       |    20 |    16 |     6 ||    42
       Potion            |       |       |       |     1 |     6 ||     7
 Stab: Sleeping          |     2 |       |       |     1 |     4 ||     7
       Distracted        |       |       |       |       |     1 ||     1
  Eat: Chunk             |     5 |     3 |    20 |    56 |    22 ||   106
       Bread ration      |       |     1 |       |     1 |     4 ||     6
       Meat ration       |       |       |     1 |     3 |       ||     4
       Royal jelly       |       |       |     1 |     2 |       ||     3
       Fruit             |       |       |       |     1 |     2 ||     3
Armor: Robe              |    15 |    18 |    39 |   257 |   191 ||   520
       Ring mail         |       |       |       |       |   223 ||   223
Dodge: Dodged            |    48 |    75 |   136 |   331 |   421 ||  1011
Block: Buckler           |       |       |    24 |   160 |   211 ||   395

Table legend:
 A = Spawn XP
 B = Non-spawn XP
 C = Spawn XP percentage of total XP
 D = Spawn monster count
 E = Non-spawn monster count
 F = Spawn count percentage of total count
 G = Total turns spent on level
                    A         B        C        D         E        F      G
               +---------+---------+-------+---------+---------+-------+---------
         Total |       0 |  106390 |   0.0 |       0 |     686 |   0.0 | 34544
               +---------+---------+-------+---------+---------+-------+---------
           D:1 |       0 |      51 |   0.0 |       0 |      27 |   0.0 |  1698
           D:2 |       0 |     172 |   0.0 |       0 |      16 |   0.0 |  1848
           D:3 |       0 |     528 |   0.0 |       0 |      37 |   0.0 |  1421
           D:4 |       0 |     270 |   0.0 |       0 |      10 |   0.0 |  1340
           D:5 |       0 |     923 |   0.0 |       0 |      29 |   0.0 |  2064
           D:6 |       0 |     825 |   0.0 |       0 |      20 |   0.0 |  1182
           D:7 |       0 |    2631 |   0.0 |       0 |      41 |   0.0 |  1463
           D:8 |       0 |    3277 |   0.0 |       0 |      29 |   0.0 |  2143
           D:9 |       0 |    5685 |   0.0 |       0 |      41 |   0.0 |  2381
          D:10 |       0 |    3596 |   0.0 |       0 |      47 |   0.0 |  1311
          D:11 |       0 |    6556 |   0.0 |       0 |      58 |   0.0 |  1966
          D:12 |       0 |    2612 |   0.0 |       0 |      11 |   0.0 |  1639
          D:13 |       0 |     862 |   0.0 |       0 |       9 |   0.0 |   302
        Lair:1 |       0 |    4797 |   0.0 |       0 |      26 |   0.0 |  1312
        Lair:2 |       0 |    5114 |   0.0 |       0 |      21 |   0.0 |  1188
        Lair:3 |       0 |    7572 |   0.0 |       0 |      26 |   0.0 |  1353
        Lair:4 |       0 |    8810 |   0.0 |       0 |      36 |   0.0 |  1509
        Lair:5 |       0 |   12521 |   0.0 |       0 |      43 |   0.0 |  1239
       Snake:1 |       0 |   12082 |   0.0 |       0 |      19 |   0.0 |  1810
       Snake:2 |       0 |    9900 |   0.0 |       0 |      17 |   0.0 |  1011
         Orc:1 |       0 |    1780 |   0.0 |       0 |      22 |   0.0 |  1366
         Orc:2 |       0 |   12713 |   0.0 |       0 |      38 |   0.0 |  1650
         Sewer |       0 |     256 |   0.0 |       0 |      58 |   0.0 |   705
       Volcano |       0 |    2857 |   0.0 |       0 |       5 |   0.0 |   329
               +---------+---------+-------+---------+---------+-------+---------
